 Dungeon Crawl Stone Soup version 0.20.1-1-g8b1a95d (webtiles) character file.

1836 Jukra the Cudgeler (level 8, -15/56 HPs)
             Began as a Demonspawn Abyssal Knight on July 20, 2017.
             Was a Priest of Lugonu.
             Engulfed by a cloud of freezing vapour (21 damage)
             ... on level 6 of the Dungeon.
             The game lasted 00:35:35 (5659 turns).

Jukra the Cudgeler (Demonspawn Abyssal Knight)      Turns: 5659, Time: 00:35:36

Health: -15/56     AC: 30    Str: 15    XL:     8   Next: 87%
Magic:  9/9        EV:  5    Int: 16    God:    Lugonu [***...]
Gold:   190        SH:  4    Dex: 12    Spells: 7/7 levels left

rFire    + . .     SeeInvis .   P - +2 flail (drain)
rCold    . . .     Gourm    .   p - +0 buckler
rNeg     . . .     Faith    .   y - +0 plate armour
rPois    +         Spirit   .   f - +0 helmet
rElec    .         Reflect  .   F - +1 cloak
rCorr    +         Harm     .   Z - +0 pair of gloves
MR       .....     Clarity  +   g - +0 pair of boots
Stlth    ..........             (no amulet)
Regen    0.2/turn               U - ring of resist corrosion
MPRegen  0.2/turn               n - ring of poison resistance

@: sanguine armour
A: talons 1, clarity, clever 1, fire resistance 1, frail 1, powered by death 2,
sanguine armour 3
a: Depart the Abyss, Bend Space, Banish, Renounce Religion


You were on level 6 of the Dungeon.
You worshipped Lugonu.
Lugonu was most pleased with you.
You were not hungry.

You visited 2 branches of the dungeon, and saw 7 of its levels.
You visited the Abyss 1 time.

You collected 190 gold pieces.

Inventory:

Hand Weapons
 a - a +2 mace
 e - a +4 dagger
 m - a +0 mace
 o - a +0 hand axe
 r - a +0 shortbow
 v - a +0 spear
 x - a +0 hand axe
 A - a +0 flail
 D - a +0 mace
 E - a +3 quarterstaff of chaos
 G - a +0 mace
 J - a cursed -1 spear
 L - a +0 falchion
 M - a +1 dagger of venom
 N - a +1 dagger of protection
 O - a +0 short sword of freezing
 P - a +2 flail of draining (weapon)
 R - a +3 mace
 W - a +2 whip of freezing
Missiles
 h - a throwing net (quivered)
Armour
 f - a +0 helmet (worn)
 g - a +0 pair of boots (worn)
 p - a +0 buckler (worn)
 y - a +0 plate armour (worn)
 F - a +1 cloak (worn)
 Q - a +0 leather armour of cold resistance
 X - a +0 animal skin
 Z - a +0 pair of gloves (worn)
Magical Staves
 I - an uncursed staff of poison {unknown}
Jewellery
 n - a ring of poison resistance (right hand)
 K - an uncursed ring of protection from fire
 U - a ring of resist corrosion (left hand)
Wands
 l - a wand of iceblast (12/15)
 w - a wand of flame (25/48)
 B - a wand of iceblast (6/15)
 V - a wand of clouds (5/9)
Scrolls
 i - 4 scrolls of teleportation
 k - 2 scrolls of remove curse
 C - 2 scrolls of identify
 S - a scroll of amnesia
 Y - a scroll of magic mapping {unknown}
Potions
 b - 2 potions of lignification
 q - 6 potions of curing
 s - 2 potions of brilliance {unknown}
 t - a potion of cancellation {unknown}
 u - 2 potions of haste {unknown}
 z - a potion of degeneration {unknown}
 T - a potion of heal wounds {unknown}
Comestibles
 c - a bread ration
 d - 3 royal jellies
 j - 2 meat rations
 H - 3 fruits


   Skills:
 * Level 5.6 Fighting
 * Level 7.4 Maces & Flails
 * Level 5.1 Armour
 + Level 1.7 Dodging
 * Level 3.1 Shields
 - Level 2.5 Invocations


You had 7 spell levels left.
You didn't know any spells.

Dungeon Overview and Level Annotations

Branches:
Dungeon (6/15)             Temple (1/1) D:4

Altars:
Ashenzari
Cheibriados
Dithmenos
Elyvilon
Fedhas
Gozag
Hepliaklqana
Kikubaaqudgha
Makhleb
Nemelex Xobeh
Okawaru
Qazlal
Ru
Sif Muna
Trog
Uskayaw
Vehumet
Xom
Yredelemnul
Zin
The Shining One

Shops:
D:5 ?


Innate Abilities, Weirdness & Mutations

Your flesh is heat resistant. (rF+)
You regenerate health from kills.
When seriously injured, your bleeding wounds create very thick armour. (AC +12)
You have sharp toenails.
You possess an exceptional clarity of mind.
Your mind is acute. (Int +2)
You are frail. (-10% HP)


Message History

You start waiting.
Done waiting.
You start waiting.
Done waiting.
You start waiting.
Done waiting.
You open the door.
Really walk into a travel-excluded area?
There is an open door here.
You start waiting.
Done waiting.
You are engulfed in freezing vapours.
You are engulfed in freezing vapours.
Your blood congeals into armour.
You are engulfed in freezing vapours.
* * * LOW HITPOINT WARNING * * *
It was a potion of curing.
You feel better.
You are engulfed in freezing vapours.
* * * LOW HITPOINT WARNING * * *
You fail to use your ability.
You are engulfed in freezing vapours.
You die...

##### #....# ......#..
...##### #....#
#######. #......#
#.#### ####......# #.#
#.........# #.#
#.###.#######.#
###.###.........#####
##8'8#################
##...§.......@§§§§§§§#
####################.#
##(%)$§§§§§§§§.......#
######################
######################


There were no monsters in sight!

Vanquished Creatures
  Pikel (D:6)
  The ghost of LoneRaider the Skirmisher, an amateur OgBe of Trog (D:3)
  A phantom (D:4)
  A sky beast (D:5)
  A slave (D:6)
  2 ogres
  A centaur (D:5)
  A big kobold (D:3)
  A bullfrog (D:6)
  A scorpion (D:4)
  A hound (D:5)
  A jelly (D:5)
  5 orc wizards (D:4)
  Crazy Yiuf (D:3)
  2 iguanas
  4 worker ants
  4 gnolls (D:4)
  8 adders
  2 shadow imps
  5 worms
  A dart slug (D:1)
  4 leopard geckos
  15 orcs (D:4)
  9 bats
  6 giant cockroaches
  9 goblins
  7 hobgoblins
  9 jackals
  A ball python (D:2)
  A ball python skeleton (D:6)
  2 frilled lizards
  8 kobolds
  A leopard gecko zombie (D:5)
  8 rats
125 creatures vanquished.

Vanquished Creatures (others)
  2 slaves (D:6)
  A worker ant (D:6)
  An adder (D:6)
  An adder skeleton (D:6)
5 creatures vanquished.

Grand Total: 130 creatures vanquished

Notes
Turn   | Place    | Note
-------+----------+-------------------------------------------
     0 | Abyss:1  | Jukra the Demonspawn Abyssal Knight began the quest for the Orb.
     0 | Abyss:1  | Reached XP level 1. HP: 18/18 MP: 2/2
   107 | Abyss:1  | Noticed a large abomination
   163 | D:1      | Escaped the Abyss
   465 | D:1      | Reached skill level 1 in Dodging
   509 | D:1      | Reached skill level 2 in Maces & Flails
   525 | D:1      | Reached * piety under Lugonu
   525 | D:1      | Gained mutation: Your flesh is heat resistant. (rF+) [demonic ancestry]
   525 | D:1      | Reached XP level 2. HP: 24/24 MP: 3/3
   902 | D:2      | Gained mutation: You regenerate a little health from kills. [demonic ancestry]
   902 | D:2      | Reached XP level 3. HP: 21/29 MP: 4/4
  1115 | D:2      | Gained mutation: When seriously injured, your bleeding wounds create armour. (AC +12) [demonic ancestry]
  1115 | D:2      | Reached XP level 4. HP: 19/35 MP: 5/5
  1193 | D:2      | Found a glowing golden altar of the Shining One.
  1449 | D:3      | Reached ** piety under Lugonu
  1452 | D:3      | Noticed an ogre
  1460 | D:3      | Killed an ogre
  1460 | D:3      | Reached skill level 3 in Maces & Flails
  1460 | D:3      | Reached skill level 1 in Shields
  1460 | D:3      | Gained mutation: When seriously injured, your bleeding wounds create thick armour. (AC +12) [demonic ancestry]
  1460 | D:3      | Reached XP level 5. HP: 34/41 MP: 6/6
  1876 | D:3      | Found a glowing silver altar of Zin.
  1880 | D:3      | Found a shadowy altar of Dithmenos.
  1901 | D:3      | Found a basalt altar of Yredelemnul.
  2022 | D:3      | Noticed LoneRaider's ghost (amateur OgBe)
  2052 | D:3      | Killed LoneRaider's ghost
  2052 | D:3      | Reached skill level 4 in Maces & Flails
  2052 | D:3      | Reached XP level 6. HP: 19/48 MP: 7/7
  2308 | D:3      | Found a runed door.
  2312 | D:3      | Noticed Crazy Yiuf
  2327 | D:3      | Killed Crazy Yiuf
  2747 | D:4      | Found a staircase to the Ecumenical Temple.
  2799 | Temple   | Entered the Ecumenical Temple
  3134 | D:4      | Gained mutation: You regenerate health from kills. [demonic ancestry]
  3134 | D:4      | Reached XP level 7. HP: 46/54 MP: 8/8
  3221 | D:4      | Reached skill level 5 in Maces & Flails
  3325 | D:4      | Reached *** piety under Lugonu
  3393 | D:4      | Found an ancient bone altar of Kikubaaqudgha.
  4241 | D:3      | Gained mutation: When seriously injured, your bleeding wounds create very thick armour. (AC +12) [demonic ancestry]
  4241 | D:3      | Reached XP level 8. HP: 61/61 MP: 9/9
  4296 | D:5      | Entered Level 5 of the Dungeon
  4312 | D:5      | Reached skill level 6 in Maces & Flails
  4388 | D:5      | Found a bloodstained altar of Trog.
  4445 | D:5      | Found Pitwibes's Magic Scroll Shoppe.
  4533 | D:5      | Found a sparkling altar of Nemelex Xobeh.
  4702 | D:5      | Gained mutation: You possess an exceptional clarity of mind. [mutagenic meat]
  4703 | D:5      | Gained mutation: You are frail. (-10% HP) [mutagenic meat]
  4704 | D:5      | Gained mutation: Your mind is acute. (Int +2) [mutagenic meat]
  4705 | D:5      | Gained mutation: You have sharp toenails. [mutagenic meat]
  4776 | D:5      | Reached skill level 5 in Fighting
  4870 | D:6      | Found a radiant altar of Vehumet.
  4939 | D:6      | Noticed Pikel
  4949 | D:6      | Killed Pikel
  4949 | D:6      | Reached skill level 7 in Maces & Flails
  4949 | D:6      | Reached skill level 5 in Armour
  5659 | D:6      | Engulfed by a cloud of freezing vapour

Skill      XL: |  1  2  3  4  5  6  7  8 |
---------------+-------------------------+-----
Dodging        | 1 |  1.7
Maces & Flails | 2 3 4 5 7 |  7.4
Armour         | 2 3 4 5 |  5.1
Shields        | 1 2 3 |  3.1
Fighting       | 4 5 |  5.6
Invocations    | |  2.5

Action                   |  1- 3 |  4- 6 |  7- 9 || total
-------------------------+-------+-------+-------++-------
Melee: Mace              |   128 |   204 |   157 ||   489
       Flail             |       |       |   112 ||   112
Invok: Depart the Abyss  |     1 |       |       ||     1
  Use: Scroll            |     6 |       |     2 ||     8
       Potion            |       |     2 |     1 ||     3
  Eat: Bread ration      |       |     2 |     1 ||     3
       Meat ration       |       |       |     1 ||     1
       Chunk             |       |       |     4 ||     4
Armor: Ring mail         |   110 |       |       ||   110
       Plate armour      |     1 |   230 |   216 ||   447
       Skin              |       |     2 |       ||     2
Dodge: Dodged            |    93 |    66 |    65 ||   224
Block: Buckler           |    21 |    32 |    54 ||   107
